 Dungeon Crawl Stone Soup version 0.29.0-11-gd7f09526c8 (webtiles) character file.

Game seed: 6430307188580093710

766 Flugkiller the Chopper (level 7, 0/62 HPs)
             Began as a Minotaur Fighter on Sept 4, 2022.
             Was an Initiate of Gozag.
             Slain by an iguana (11 damage)
             ... on level 6 of the Dungeon.
             The game lasted 00:02:09 (5498 turns).

Flugkiller the Chopper (Minotaur Fighter)           Turns: 5498, Time: 00:02:10

Health: 0/62       AC: 11    Str: 20    XL:     7   Next: 52%
Magic:  6/6        EV: 10    Int:  5    God:    Gozag
Gold:   611        SH:  4    Dex: 12    Spells: 6/6 levels left

rFire   . . .      SeeInvis .   a - +1 war axe
rCold   . . .      Faith    .   c - +0 buckler
rNeg    . . .      Spirit   .   b - +0 scale mail
rPois   .          Reflect  .   (helmet restricted)
rElec   .          Harm     .   u - +0 cloak
rCorr   .          Rampage  .   m - +0 pair of gloves
Will    .....                   s - +0 pair of boots
Stlth   ..........              (no amulet)
HPRegen 0.20/turn               (no ring)
MPRegen 0.10/turn               (no ring)

@: no status effects
A: horns 2, retaliatory headbutt
a: Renounce Religion, Potion Petition, Call Merchant, Bribe Branch


You were on level 6 of the Dungeon.
You worshipped Gozag.
Gozag was pleased with you.
You visited 1 branch of the dungeon, and saw 6 of its levels.

You collected 729 gold pieces.
You spent 76 gold pieces at shops.
You paid 42 gold pieces to Gozag.

Inventory:

Hand Weapons
 a - a +1 war axe (weapon)
Missiles
 w - 2 throwing nets (quivered)
Armour
 b - a +0 scale mail (worn)
 c - a +0 buckler (worn)
 m - a +0 pair of gloves (worn)
   (You found it on level 3 of the Dungeon)
 s - a +0 pair of boots (worn)
   (You bought it in a shop on level 5 of the Dungeon)
 u - a +0 cloak (worn)
   (You found it on level 4 of the Dungeon)
Scrolls
 k - a scroll of enchant weapon
 l - a scroll of magic mapping
 t - a scroll of teleportation
 y - a scroll of fog
 z - a scroll of blinking
Potions
 d - a potion of might
 e - 4 potions of curing {unknown}
 f - a potion of degeneration {unknown}
 i - 4 potions of flight {unknown}
 j - 2 potions of mutation {unknown}
 o - 2 potions of heal wounds {unknown}
 p - 2 potions of resistance {unknown}
 q - 2 potions of ambrosia {unknown}
 v - 2 potions of cancellation {unknown}
 x - 2 potions of magic {unknown}


   Skills:
 + Level 5.8 Fighting
 * Level 7.0 Axes
 + Level 6.0 Armour
 + Level 2.9 Dodging
 - Level 3.6 Shields


You had 6 spell levels left.
You didn't know any spells.
Your spell library was empty.

Dungeon Overview and Level Annotations

Branches:
Dungeon (6/15)
 Temple: D:4-7

Altars:
Ashenzari
Gozag
Nemelex Xobeh
The Shining One

Shops:
D:5 *

Annotations:
D:6 Eustachio


Innate Abilities, Weirdness & Mutations

You have a pair of horns on your head.
You reflexively headbutt those who attack you in melee.


Message History

The orc barely misses you.
Items here: $ )) [.
The orc hits you but does no damage.
You slash the orc!
You kill the orc!
No target in view!
You now have 565 gold pieces (gained 6).
You see here a +0 trident.
You start resting.
HP restored.
You now have 577 gold pieces (gained 12).
Things that are here:
a +0 falchion; a +0 leather armour; a +0 mace You now have 585 gold pieces (gained 8).
You see here a +0 club.
You now have 588 gold pieces (gained 3).
You see here a +0 hand axe.
You now have 593 gold pieces (gained 5).
You now have 597 gold pieces (gained 4).
f - a murky black potion Eustachio the Magnificent comes into view.
He is wielding a +0 rapier.
Eustachio shouts!
Eustachio is nearby!
Eustachio is nearby!
Eustachio is nearby!
Found 4 gold pieces.
You now have 611 gold pieces (gained 14).
An iguana comes into view.
Found a long sword and 2 gold pieces.
The iguana hisses angrily.
Eustachio drinks a potion.
Eustachio seems to grow stronger.
You slash Eustachio!
Eustachio is lightly wounded.
Eustachio hits you but does no damage.
You slash Eustachio! You headbutt Eustachio.
Eustachio is heavily wounded.
The iguana enters a dispersal trap!
Eustachio blinks!
You blink.
Found a rapier.
Found a stone staircase leading down.
The iguana blinks!
Eustachio hits you but does no damage.
You hit Eustachio but do no damage. Your headbutt misses Eustachio.
Eustachio is heavily wounded.
You hit the iguana. The iguana misses you. Eustachio completely misses you.
You furiously retaliate!
You headbutt Eustachio! You completely miss Eustachio.
Eustachio is severely wounded.
You hit the iguana but do no damage. The iguana barely misses you.
Eustachio barely misses you.
You closely miss Eustachio. Your headbutt misses Eustachio.
Eustachio is severely wounded.
You closely miss the iguana. The iguana bites you.
Eustachio closely misses you.
You barely miss Eustachio. You headbutt Eustachio!
Eustachio is almost dead.
You completely miss the iguana. You block the iguana's attack.
Eustachio hits you with a +0 rapier!
Eustachio casts a spell.
The iguana bites you but does no damage.
You hit Eustachio. You headbutt Eustachio.
Eustachio is almost dead.
You closely miss the iguana. You barely miss the river rat.
The iguana bites you but does no damage.
The river rat bites you. Eustachio hits you with a +0 rapier.
You miss Eustachio. Your headbutt misses Eustachio.
Eustachio is almost dead.
You hit the river rat. You hit the quokka but do no damage.
You slash the iguana! The quokka closely misses you.
The iguana bites you but does no damage.
The river rat bites you.
Eustachio casts a spell.
You closely miss Eustachio.
Eustachio is almost dead.
You hit the iguana. You hit the river rat but do no damage. You hit the quokka.
You kill the quokka!
The quokka's corpse disappears in a puff of smoke!
The iguana bites you. The river rat bites you!
Eustachio brags, "I can call spirits from the vasty deep."
Eustachio hits you with a +0 rapier!
* * * LOW HITPOINT WARNING * * *
You are too injured to fight recklessly!
You are too injured to fight recklessly!
You closely miss Eustachio.
Eustachio is almost dead.
You slash the river rat!
You kill the river rat!
The river rat's corpse disappears in a puff of smoke!
You closely miss the river rat. You hit the quokka. You barely miss the iguana.
The quokka bites you.
* * * LOW HITPOINT WARNING * * *
You block Eustachio's attack. The iguana barely misses you.
You furiously retaliate!
You headbutt the iguana, but do no damage.
The river rat bites you but does no damage.
You closely miss Eustachio.
Eustachio is almost dead.
You miss the quokka. You hit the iguana but do no damage.
You hit the river rat. The quokka bites you.
* * * LOW HITPOINT WARNING * * *
The iguana bites you!
You die...
Your body crumbles into a pile of gold.

#....#####.
.###.....).....
....#..........
......>....#.##
...............# . .
...............# ##. ..
.........ยง.....## ..# .#
.......r@r......####.##..
.......l@................
.........................
.....#...................
........#.>........))....
....................)....
.....$.^##.....<:....)...
........##...............
......).###..........:...


You could see Eustachio (strong), an iguana, a river rat (summoned) and a quokka
(summoned).

Vanquished Creatures
  A centaur (D:3)
  A necrophage (D:5)
  A bullfrog (D:6)
  A kobold brigand (D:5)
  A scorpion (D:5)
  A jelly (D:6)
  An orc priest (D:6)
  Crazy Yiuf (D:4)
  2 hounds (D:5)
  An iguana (D:5)
  4 gnolls (D:4)
  9 adders
  An ufetubus (D:5)
  8 worms
  21 orcs
  2 ball pythons
  6 endoplasms
  5 giant cockroaches
  5 hobgoblins
  10 jackals
  A quokka (D:1)
  7 bats
  A frilled lizard (D:1)
  3 goblins
  6 kobolds
  11 rats
111 creatures vanquished.

Notes
Turn   | Place    | Note
-------+----------+-------------------------------------------
     0 | D:1      | Flugkiller the Minotaur Fighter began the quest for the
                  | Orb.
     0 | D:1      | Reached XP level 1. HP: 19/19 MP: 0/0
   276 | D:1      | Found a faded altar of an unknown god.
   369 | D:1      | Reached skill level 3 in Axes
   369 | D:1      | Reached XP level 2. HP: 27/27 MP: 1/1
  1450 | D:2      | Reached XP level 3. HP: 30/33 MP: 2/2
  1983 | D:3      | Noticed a centaur
  1989 | D:3      | Killed a centaur
  1990 | D:3      | Reached skill level 4 in Axes
  1990 | D:3      | Reached XP level 4. HP: 36/41 MP: 3/3
  2230 | D:3      | Reached XP level 5. HP: 47/47 MP: 4/4
  2336 | D:3      | Found a glowing golden altar of the Shining One.
  2345 | D:3      | Found a broken altar of Ashenzari.
  2678 | D:3      | Found a sparkling altar of Nemelex Xobeh.
  2678 | D:3      | Found an opulent altar of Gozag.
  2806 | D:3      | Became a worshipper of Gozag Ym Sagoz the Greedy
  2860 | D:4      | Reached skill level 5 in Axes
  3315 | D:4      | Reached skill level 5 in Armour
  3597 | D:4      | Reached skill level 1 in Dodging
  3599 | D:4      | Reached skill level 5 in Fighting
  3603 | D:4      | Reached XP level 6. HP: 36/56 MP: 5/5
  3759 | D:4      | Found a runed translucent door.
  3760 | D:4      | Noticed Crazy Yiuf
  3768 | D:4      | Killed Crazy Yiuf
  4030 | D:5      | Entered Level 5 of the Dungeon
  4220 | D:5      | Reached skill level 6 in Axes
  4528 | D:5      | Found Sisess's Assorted Antiques.
  4531 | D:5      | Bought a pair of boots for 76 gold pieces
  4617 | D:5      | Reached XP level 7. HP: 57/61 MP: 6/6
  5327 | D:6      | Reached skill level 7 in Axes
  5482 | D:6      | Noticed Eustachio
  5498 | D:6      | Slain by an iguana

Illustrated notes

Levels and vault maps discovered:
D:1:      dpeg_arrival_windows_large_door, layout_basic,
          shapermc_ecumenical_altar_totnotflames, serial_corexii_hall,
          corexii_hall_statues_i, corexii_hall_statues_x,
          corexii_hall_statues_l, chequers_hall_statues_corner_a,
          corexii_hall_statues_t, chequers_hall_statues_wall_a
D:2:      layout_rooms
D:3:      layout_basic, grunt_temple_overflow_opulence,
          mainiacjoe_overflow_swirl
D:4:      layout_loops_cross, glass_columns_b, nicolae_wormholes,
          uniq_crazy_yiuf_cottage
D:5:      layout_basic, portal_sewer_entry_e, serial_shops,
          nicolae_shop_behind_doors
D:6:      layout_rooms, minmay_crystal_water, corexii_item_surrounded_by_moat,
          minivault_1, uniq_eustachio

Skill      XL: |  1  2  3  4  5  6  7 |
---------------+----------------------+-----
Axes           | 3 4 5 6 7 |  7.0
Fighting       | 4 5 |  5.8
Armour         | 4 5 6 |  6.0
Dodging        | 1 2 |  2.9
Shields        | |  3.6

Action                   |  1- 3 |  4- 6 |  7- 9 || total
-------------------------+-------+-------+-------++-------
Melee: War axe           |    54 |   141 |    49 ||   244
       Headbutt          |     6 |    14 |     8 ||    28
  Use: Scroll            |       |       |     8 ||     8
 Stab: Distracted        |       |       |     1 ||     1
Armor: Scale mail        |    23 |    64 |    17 ||   104
Dodge: Dodged            |    40 |    76 |    25 ||   141
Block: Buckler           |    10 |    34 |     9 ||    53
